 Dungeon Crawl Stone Soup version 0.31-a0-968-g24f9ace8b5 (webtiles) character file.

Game seed: 11312880536881339442

95 Dittersdorf the Shield-Bearer (level 4, -13/29 HPs)
             Began as a Gargoyle Fighter on Oct 27, 2023.
             Mangled by Crazy Yiuf
             ... wielding a +4 quarterstaff of chaos
              (26 damage)
             ... on level 2 of the Dungeon.
             The game lasted 00:01:32 (1624 turns).

Dittersdorf the Shield-Bearer (Gargoyle Fighter)    Turns: 1624, Time: 00:01:32

Health: -13/29     AC: 10    Str: 22    XL:     4   Next: 65%
Magic:  0/4        EV:  9    Int:  8    God:
Gold:   211        SH:  4    Dex:  9    Spells: 3/3 levels left

rFire   . . .        a - +0 flail
rCold   . . .        c - +0 buckler
rNeg    + . .        b - +0 scale mail
rPois   ∞            (no helmet)
rElec   +            (no cloak)
rCorr   .            (no gloves)
SInv    .            (no boots)
Will    .....        (no amulet) Stlth
                     (no ring)
HPRegen 0.24/turn    (no ring)
MPRegen 0.09/turn

%: no passive effects
@: no status effects
A: sickness immunity, AC +3, negative energy resistance 1, electricity
resistance, torment resistance 1, petrification resistance
a: no special abilities


You were on level 2 of the Dungeon.
You visited 1 branch of the dungeon, and saw 2 of its levels.

You collected 211 gold pieces.

Inventory:

Hand Weapons
 a - a +0 flail (weapon)
Missiles
 l - 2 poisoned darts (quivered)
Armour
 b - a +0 scale mail (worn)
 c - a +0 buckler (worn)
Scrolls
 f - a scroll of enchant armour {unknown}
 g - a scroll of vulnerability {unknown}
 j - 2 scrolls of teleportation {unknown}
 m - a scroll of noise {unknown}
 n - a scroll of fear {unknown}
Potions
 d - a potion of might
 e - a potion of curing {unknown}
 h - a potion of experience {unknown}
 i - 3 potions of degeneration {unknown}
 k - a potion of attraction {unknown}


   Skills:
 + Level 4.0 Fighting
 + Level 2.9 Maces & Flails
 + Level 4.0 Armour
 + Level 4.1 Shields


You had 3 spell levels left.
You didn't know any spells.
Your spell library was empty.

Dungeon Overview and Level Annotations

Branches:
Dungeon (2/15)

Altars:

Annotations:
D:2 Crazy Yiuf


Innate Abilities, Weirdness & Mutations

You are immune to sickness and miasma.
Your stone body is resilient. (AC +3)
You are immune to poison.
You resist negative energy. (rN+)
You are resistant to electric shocks. (rElec)
You are resistant to unholy torment.
You are immune to petrification.


Message History

No target in view!
No target in view!
No target in view!
No target in view!
HP restored.
i - 3 fizzy white potions (gained 1)
Things that are here:
a +0 dagger; a goblin corpse You open the door.
There is an open door here.
There is an escape hatch in the ceiling here.
As you open the door, it creaks loudly!
Found a stone staircase leading down.
There is an open door here.
j - 2 scrolls labelled CUERES JUXTO (gained 1)
You now have 201 gold pieces (gained 4).
You now have 211 gold pieces (gained 10).
You open the door.
There is an open door here.
Crazy Yiuf shouts!
Crazy Yiuf grits, "Race pontify forty-two!"
No reachable target in view!
You open the door.
Throw: 4 darts (poison)
Press: ? - help, Q - select action Shift-Dir - straight line, f - Crazy Yiuf
Aim: Crazy Yiuf, wielding a +4 quarterstaff of chaos and wearing a +0 cloak (56% to hit)
You throw a poisoned dart. The poisoned dart hits Crazy Yiuf.
Crazy Yiuf is poisoned.
Crazy Yiuf screams, "Gnoll!"
Crazy Yiuf hits you with a +4 quarterstaff of chaos!
You feel your power leaking away.
Throw: 3 darts (poison)
Press: ? - help, Q - select action Shift-Dir - straight line, f/p - Crazy Yiuf
Aim: Crazy Yiuf, wielding a +4 quarterstaff of chaos and wearing a +0 cloak (poisoned, 56% to hit)
You throw a poisoned dart.
The poisoned dart closely misses Crazy Yiuf.
Crazy Yiuf hits you with a +4 quarterstaff of chaos.
Space warps horribly around you!!
Ouch! That really hurt!
You die...

....#........#...........# #....
.........#####...........########
#)...........'...........'.<.>...
.........###################.....
#.#.###### #..... #.#.# ♣♣♣♣♣###
#..... #.#.# ###
♣♣♣.♣....###..... #.#.######
#...#♣..♣......##..... #.#......#
#(..g@♣♣♣♣......##.### .........#
#)..#♣♣ ♣♣.....##.# #'########
### ♣♣##..##.# .......# #.###.#
.......### #.###.###
.......''#### #######.'......
.......##...# #.......###.###
.......##...# #.......# #.#
.......###### #.......# #.#


You could see Crazy Yiuf (poisoned).

Vanquished Creatures
  3 gnolls (D:2)
  3 adders (D:2)
  A worm (D:2)
  4 endoplasms
  A giant cockroach (D:1)
  3 goblins
  2 hobgoblins
  3 jackals (D:1)
  2 kobolds (D:1)
  2 quokkas (D:2)
  3 ball pythons
  3 bats
  2 frilled lizards (D:1)
  5 rats
37 creatures vanquished.

Notes
Turn   | Place    | Note
-------+----------+-------------------------------------------
     0 | D:1      | Dittersdorf the Gargoyle Fighter began the quest for the
                  | Orb.
     0 | D:1      | Reached XP level 1. HP: 14/14 MP: 1/1
   153 | D:1      | Reached XP level 2. HP: 9/19 MP: 2/2
   784 | D:2      | Reached XP level 3. HP: 23/23 MP: 3/3
   894 | D:2      | Reached XP level 4. HP: 27/29 MP: 4/4
  1463 | D:2      | Found a runed translucent door.
  1619 | D:2      | Noticed Crazy Yiuf
  1624 | D:2      | Mangled by Crazy Yiuf

Illustrated notes

Levels and vault maps discovered:
D:1:      co_arrival_square_in_a_square_in_a_square, layout_basic,
          minmay_pentomino_r4
D:2:      layout_basic, uniq_crazy_yiuf_cottage

Skill      XL: |  1  2  3  4 |
---------------+-------------+-----
Fighting       | 4 |  4.0
Shields        | 4 |  4.1
Armour         | 4 |  4.0
Maces & Flails | |  2.9

Action                     |  1- 3 |  4- 6 || total
---------------------------+-------+-------++-------
  Melee: Flail             |    76 |    51 ||   127
  Throw: Dart              |       |     2 ||     2
 Armour: Scale mail        |    56 |    44 ||   100
  Dodge: Dodged            |    48 |    21 ||    69
  Block: Buckler           |    18 |    10 ||    28

Table legend: (Time is in decaauts)
 A = Elapsed time spent in this place.
 B = Non-inter-level travel time spent in this place.
 C = Inter-level travel time spent in this place.
 D = Time resting spent in this place.
 E = Time spent auto-exploring this place.
 F = Levels seen in this place.
 G = Mean time per level.
                   A        B        C        D        E       F      G
               +--------+--------+--------+--------+--------+-----+--------+
         Total |   1663 |   1615 |     48 |     87 |   1210 |   2 |  831.5 |
       Dungeon |   1663 |   1615 |     48 |     87 |   1210 |   2 |  831.5 |
               +--------+--------+--------+--------+--------+-----+--------+

Top non-repeatable levels by time:
     D:2: 908 daAuts
     D:1: 755 daAuts
